 Dungeon Crawl Stone Soup version 0.22-a0-322-g60b3cfd (webtiles) character file.

58715 Amnesiac the Zephyrmancer (level 14, 0/82 HPs)
             Began as a Tengu Air Elementalist on Apr 2, 2018.
             Was a High Priest of Sif Muna.
             Slain by a dire elephant (23 damage)
             ... on level 6 of the Lair of Beasts.
             The game lasted 01:06:26 (28628 turns).

Amnesiac the Zephyrmancer (Tengu Air Elementalist) Turns: 28628, Time: 01:06:26

Health: 0/82       AC:  8    Str:  8    XL:     14   Next: 91%
Magic:  0/41       EV: 23    Int: 21    God:    Sif Muna [*****.]
Gold:   918        SH:  5    Dex: 15    Spells: 9/39 levels left

rFire    + . .     SeeInvis .   a - +2 dagger (venom)
rCold    + . .     Gourm    .   N - +0 buckler
rNeg     + . .     Faith    +   G - +2 robe {Archmagi}
rPois    +         Spirit   +   M - +2 hat of the Bear Spirit {Spirit, +Rage rN+ MR++}
rElec    .         Reflect  .   Q - scarf {rC+ rF+}
rCorr    .         Harm     .   y - +1 pair of gloves
MR       +++..                  (boots unavailable)
Stlth    ++........             f - amulet of faith
HPRegen  0.23/turn              e - ring of poison resistance
MPRegen  0.27/turn              g - ring of magical power

@: flying quickly and evasively, no casting, quick
A: beak, talons 3, able to fly 2
a: Stop Flying, Stop Divine Energy, Channel Magic, Forget Spell, Renounce
Religion, Evoke Berserk Rage


You were on level 6 of the Lair of Beasts.
You worshipped Sif Muna.
Sif Muna was extremely pleased with you.
You were not hungry.

You visited 4 branches of the dungeon, and saw 20 of its levels.
You also visited: Labyrinth.

You collected 1278 gold pieces.
You spent 360 gold pieces at shops.

Inventory:

Hand Weapons
 a - a +2 dagger of venom (weapon)
Missiles
 k - 16 poisoned needles
 l - 2 stones (quivered)
Armour
 t - a +0 shield
 y - a +1 pair of gloves (worn)
 G - a +2 robe of the Archmagi (worn)
 M - the +2 hat of the Bear Spirit (worn) {Spirit, +Rage rN+ MR++}
   (You found it on level 6 of the Lair of Beasts)

   It protects you from negative energy.
   It affects your resistance to hostile enchantments.
   It lets you go berserk.
 N - a +0 buckler (worn)
 Q - a scarf of resistance (worn)
Magical Staves
 b - an uncursed staff of fire
Jewellery
 e - a ring of poison resistance (left hand)
 f - an amulet of faith (around neck)
 g - a ring of magical power (right hand)
 s - an uncursed ring of see invisible
 v - a +2 ring of protection
 x - an uncursed ring of fire {unknown}
 C - an uncursed amulet of guardian spirit {unknown}
 E - an uncursed ring of resist corrosion {unknown}
 S - an uncursed ring of protection from magic
Wands
 A - a wand of disintegration (39)
 I - a wand of clouds (3)
 K - a wand of paralysis (16)
 R - a wand of digging (5)
Scrolls
 d - 7 scrolls of remove curse {!r}
 h - 4 scrolls of amnesia {!r}
 i - a scroll of holy word {!r}
 j - 4 scrolls of identify {!r}
 n - a scroll of enchant armour {!r}
 o - 2 scrolls of teleportation {!r}
 q - 7 scrolls of enchant weapon {!r}
 r - 4 scrolls of magic mapping {!r}
 H - a scroll of silence {!r}
Potions
 m - 2 potions of might {!q}
 p - 6 potions of curing {!q}
 u - a potion of invisibility {!q, unknown}
 w - 3 potions of magic {!q}
 z - a potion of haste {!q}
 B - 5 potions of agility {!q}
 D - a potion of brilliance {!q}
 F - 2 potions of cancellation {!q}
 J - 3 potions of mutation {!q}
Miscellaneous
 V - a lamp of fire
Comestibles
 c - 36 rations


   Skills:
 - Level 7.0 Fighting
 - Level 11.0 Dodging
 - Level 2.0 Stealth
 - Level 4.0 Shields
 * Level 13.3 Spellcasting
 + Level 13.6 Conjurations
 + Level 13.7 Air Magic
 - Level 8.0 Invocations


You had 9 spell levels left.
You knew the following spells:

 Your Spells              Type           Power        Failure   Level  Hunger
a - Airstrike             Air            #######...   1%          4    None
b - Shock                 Conj/Air       ####         0%          1    None
c - Conjure Ball Lightni  Conj/Air       #######...   2%          6    #####..
d - Lightning Bolt        Conj/Air       #######...   1%          5    ###....
e - Mephitic Cloud        Conj/Pois/Air  ######..     1%          3    None
f - Force Lance           Conj/Tloc      ######..     2%          4    None
s - Conjure Flame         Conj/Fire      ######..     1%          3    None
v - Blink                 Tloc           N/A          7%          2    None
z - Swiftness             Chrm/Air       ######..     1%          2    None


Dungeon Overview and Level Annotations

Branches:
Dungeon (12/15)            Temple (1/1) D:7            Lair (6/6) D:11
 Shoals (0/4) Lair:4        Snake (0/4) Lair:4          Orc (1/2) D:10
  Slime: Lair:5-6

Altars:
Ashenzari
Cheibriados
Dithmenos
Elyvilon
Fedhas
Gozag
Hepliaklqana
Kikubaaqudgha
Makhleb
Nemelex Xobeh
Okawaru
Qazlal
Ru
Sif Muna
Trog
Uskayaw
Vehumet
Wu Jian
Xom
Yredelemnul
Zin
The Shining One
Lugonu

Shops:
D:10 :   D:12 ?

Annotations:
Orc:1 Erolcha


Innate Abilities, Weirdness & Mutations

You have a beak for a mouth.
You have claws for feet.
You can fly continuously.


Message History

Aim: a dire elephant (lightly wounded)
You feel a surge of power!
The air twists around and strikes the dire elephant!
The dire elephant is lightly wounded.
Casting: Airstrike (safe; 1% risk of failure)
Confirm with . or Enter, or press ? or * to list all spells.
Aiming: Airstrike (safe; 1% risk of failure)
Press: ? - help, Dir - move target cursor, f/p - dire elephant
Aim: a dire elephant (lightly wounded)
You feel a surge of power!
The air twists around and strikes the dire elephant!
The dire elephant is moderately wounded.
Casting: Airstrike (safe; 1% risk of failure)
Confirm with . or Enter, or press ? or * to list all spells.
Aiming: Airstrike (safe; 1% risk of failure)
Press: ? - help, Dir - move target cursor, f/p - dire elephant
Aim: a dire elephant (moderately wounded)
You feel a surge of power!
The air twists around and strikes the dire elephant!
The dire elephant is heavily wounded.
The dire elephant tramples you but does no damage.
The dire elephant completely misses you.
Casting: Airstrike (safe; 1% risk of failure)
Confirm with . or Enter, or press ? or * to list all spells.
Aiming: Airstrike (safe; 1% risk of failure)
Press: ? - help, Dir - move target cursor, f/p - dire elephant
Aim: a dire elephant (heavily wounded)
You feel a surge of power!
The air twists around and strikes the dire elephant!
The dire elephant is heavily wounded.
The dire elephant misses you. The dire elephant trunk-slaps you.
Casting: Airstrike (safe; 1% risk of failure)
Confirm with . or Enter, or press ? or * to list all spells.
Aiming: Airstrike (safe; 1% risk of failure)
Press: ? - help, Dir - move target cursor, f/p - dire elephant
Aim: a dire elephant (heavily wounded)
You feel a surge of power!
The air twists around and strikes the dire elephant!
The dire elephant is heavily wounded.
The dire elephant tramples you!!
You hold your ground!
The dire elephant trunk-slaps you.
Casting: Airstrike (safe; 1% risk of failure)
Confirm with . or Enter, or press ? or * to list all spells.
Aiming: Airstrike (safe; 1% risk of failure)
Press: ? - help, Dir - move target cursor, f/p - dire elephant
Aim: a dire elephant (heavily wounded)
You feel a surge of power!
The air twists around and strikes the dire elephant!
The dire elephant is severely wounded.
The dire elephant tramples you!!
* * * LOW HITPOINT WARNING * * *
You hold your ground!
The dire elephant trunk-slaps you.
* * * LOW HITPOINT WARNING * * *
Casting: Airstrike (safe; 1% risk of failure)
Confirm with . or Enter, or press ? or * to list all spells.
Aiming: Airstrike (safe; 1% risk of failure)
Press: ? - help, Dir - move target cursor, f/p - dire elephant
Aim: a dire elephant (severely wounded)
You feel a surge of power!
The air twists around and strikes the dire elephant!
The dire elephant is severely wounded.
Sif Muna grants you divine energy.
You briefly lose access to your magic!
The dire elephant tramples you!!
You die...

.....(................#
...................###.
.#......#.........##
####...PP.#...#..## #
#.......#..P#...#
####.............##
.##.#............P#
.P.............Y..#
........P..P....@##
.......P.#.#.....#
#.......P........#
.......P.P.....P.##
.......##.......#.#
........###....####
.#.P...###.......##
.#....##......###.#
.............## ### ###


You could see a dire elephant.

Vanquished Creatures
  2 entropy weavers (Lair:6)
  A minotaur (Lab)
  3 dire elephants (Lair:6)
  6 hydras
  A catoblepas (Lair:3)
  An anaconda (Lair:6)
  A two-headed ogre (D:8)
  A queen ant (Lair:5)
  Nergalle (Lair:4)
  The ghost of sankara the Grappler, a novice MiTm of Makhleb (D:8)
  An orc sorcerer (Orc:1)
  An oklob plant (Lair:2)
  A cyclops (D:12)
  14 elephants
  Maurice (D:9)
  Joseph (D:7)
  5 black mambas
  A torpor snail (Lair:6)
  12 spiny frogs
  Psyche (D:9)
  5 komodo dragons
  A troll (D:10)
  19 blink frogs
  A hornet (D:9)
  9 slime creatures (D:12)
  A snapping turtle (Lair:4)
  Prince Ribbit (Lair:1)
  7 hippogriffs
  9 dream sheep
  2 wraiths (D:10)
  5 wyverns
  Eustachio (D:5)
  33 yaks
  6 basilisks
  Grum (D:10)
  4 wargs
  A steam dragon (D:8)
  2 nagas (Lair:4)
  9 water moccasins
  18 soldier ants
  Duvessa (D:7)
  24 orc warriors
  15 porcupines
  3 sky beasts
  5 ice beasts
  A phantom (D:9)
  2 black bears
  10 ogres
  A necrophage (D:7)
  10 centaurs
  2 wolves
  6 crocodiles
  5 big kobolds
  Blork the orc (D:6)
  9 bullfrogs
  2 gnoll sergeants (D:10)
  2 wyvern skeletons
  Dowan (D:7)
  2 scorpions
  6 killer bees (D:10)
  8 wights
  2 electric eels
  2 howler monkeys (D:10)
  6 crimson imps
  A bullfrog zombie (D:9)
  2 centaur zombies
  A jelly (D:12)
  2 quasits
  11 orc priests
  7 centaur skeletons
  14 orc wizards
  Crazy Yiuf (D:6)
  A bullfrog skeleton (D:12)
  4 hounds
  6 iguanas
  31 worker ants
  2 hound zombies
  3 gnolls (D:10)
  A howler monkey skeleton (D:5)
  2 worker ant zombies
  15 adders
  4 shadow imps
  An ooze (D:1)
  An adder zombie (D:5)
  2 worms
  4 dart slugs
  6 leopard geckos
  64 orcs
  A ball python (D:6)
  8 bats
  5 giant cockroaches
  11 goblins
  5 hobgoblins
  19 jackals
  23 kobolds
  4 quokkas
  5 frilled lizards
  A quokka skeleton (D:4)
  A quokka zombie (D:8)
  6 rats
  A fungus (Lair:6)
593 creatures vanquished.

Vanquished Creatures (collateral kills)
  A worker ant (D:10)
1 creature vanquished.

Vanquished Creatures (others)
  3 ball lightnings (Lair:6)
  2 bushes (Lair:5)
  51 fungi
  33 plants
89 creatures vanquished.

Grand Total: 683 creatures vanquished

Notes
Turn   | Place    | Note
-------+----------+-------------------------------------------
     0 | D:1      | Amnesiac the Tengu Air Elementalist began the quest for the Orb.
     0 | D:1      | Reached XP level 1. HP: 10/10 MP: 4/4
   124 | D:1      | Reached XP level 2. HP: 15/15 MP: 6/6
   592 | D:1      | Reached skill level 5 in Air Magic
   633 | D:1      | Reached XP level 3. HP: 18/19 MP: 7/7
  1026 | D:2      | Reached XP level 4. HP: 11/24 MP: 2/9
  1073 | D:2      | Learned a level 4 spell: Airstrike
  1133 | D:2      | Found a glowing golden altar of the Shining One.
  1395 | D:2      | Found a blossoming altar of Fedhas.
  1494 | D:2      | Learned a level 3 spell: Mephitic Cloud
  1816 | D:2      | Found an opulent altar of Gozag.
  1982 | D:2      | Found a sacrificial altar of Ru.
  1994 | D:3      | Found a basalt altar of Yredelemnul.
  2062 | D:3      | Gained mutation: You can fly. [Tengu growth]
  2062 | D:3      | Reached XP level 5. HP: 5/28 MP: 2/10
  2463 | D:3      | Found a faded altar of an unknown god.
  2479 | D:3      | Found a shimmering altar of Xom.
  2481 | D:3      | Found a shimmering altar of Xom.
  2524 | D:3      | Found a shimmering altar of Xom.
  2524 | D:3      | Found a shimmering altar of Xom.
  2525 | D:3      | Found a shimmering altar of Xom.
  2529 | D:3      | Found a shimmering altar of Xom.
  2894 | D:4      | Found a shattered altar of Ashenzari.
  2921 | D:4      | Noticed an ogre
  2942 | D:4      | Killed an ogre
  2942 | D:4      | Reached XP level 6. HP: 32/32 MP: 3/12
  3468 | D:4      | Learned a level 2 spell: Blink
  4116 | D:4      | Reached XP level 7. HP: 34/37 MP: 9/14
  4573 | D:5      | Entered Level 5 of the Dungeon
  4581 | D:5      | Reached skill level 1 in Fighting
  4671 | D:5      | Found a radiant altar of Vehumet.
  4847 | D:5      | Found a white marble altar of Elyvilon.
  4886 | D:5      | Found a hazy altar of Hepliaklqana.
  5122 | D:5      | Noticed Eustachio
  5135 | D:5      | Killed Eustachio
  5273 | D:6      | Reached XP level 8. HP: 33/45 MP: 11/16
  5278 | D:6      | Found an ornate altar of the Wu Jian Council.
  5281 | D:6      | Reached skill level 5 in Dodging
  5487 | D:6      | Reached skill level 5 in Spellcasting
  5895 | D:6      | Noticed Blork the orc
  5904 | D:6      | Killed Blork the orc
  6381 | D:6      | Reached XP level 9. HP: 52/52 MP: 9/18
  6648 | D:6      | Found a runed door.
  6974 | D:6      | Noticed Crazy Yiuf
  6977 | D:6      | Killed Crazy Yiuf
  7172 | D:7      | Noticed Joseph
  7192 | D:7      | Killed Joseph
  7216 | D:7      | Found a hide-covered altar of Uskayaw.
  7231 | D:7      | Reached skill level 5 in Fighting
  7402 | D:7      | Found a staircase to the Ecumenical Temple.
  7407 | Temple   | Entered the Ecumenical Temple
  7445 | Temple   | Became a worshipper of Sif Muna the Loreminder
  7467 | D:7      | Noticed Dowan
  7469 | D:7      | Noticed Duvessa
  7475 | D:7      | Killed Dowan
  7509 | D:7      | Killed Duvessa
  8095 | D:7      | Reached * piety under Sif Muna
  8095 | D:7      | Reached XP level 10. HP: 51/59 MP: 16/23
  8102 | D:7      | Learned a level 5 spell: Lightning Bolt
  8106 | D:7      | Learned a level 3 spell: Conjure Flame
  8217 | D:8      | Noticed sankara's ghost (novice MiTm)
  8312 | D:8      | Reached skill level 5 in Conjurations
  8378 | D:8      | Noticed a two-headed ogre
  8480 | D:8      | Killed a two-headed ogre
  8480 | D:8      | Reached ** piety under Sif Muna
  8685 | D:8      | Found a glowing silver altar of Zin.
  8724 | D:8      | Killed sankara's ghost
  9138 | D:9      | Found a shattered altar of Ashenzari.
  9144 | D:9      | Noticed Maurice
  9169 | D:9      | Killed Maurice
  9196 | D:9      | Noticed Psyche
  9210 | D:9      | Killed Psyche
  9210 | D:9      | Reached *** piety under Sif Muna
  9268 | D:9      | Found an ancient bone altar of Kikubaaqudgha.
  9268 | D:9      | Found a burning altar of Makhleb.
  9498 | D:9      | Found a snail-covered altar of Cheibriados.
  9532 | D:9      | Reached XP level 11. HP: 58/64 MP: 0/24
  9731 | D:10     | Entered Level 10 of the Dungeon
  9735 | D:10     | Noticed Grum
 10018 | D:10     | Reached skill level 10 in Conjurations
 10318 | D:10     | Reached **** piety under Sif Muna
 10761 | D:10     | Killed Grum
 11014 | D:10     | Reached skill level 10 in Air Magic
 11058 | D:10     | Reached skill level 10 in Spellcasting
 11195 | D:10     | Found a staircase to the Orcish Mines.
 11329 | D:10     | Found Jesuut's Book Shoppe.
 11670 | D:11     | Noticed a five-headed hydra
 11675 | D:11     | Killed a five-headed hydra
 11675 | D:11     | Reached ***** piety under Sif Muna
 11888 | D:11     | Identified Sif Muna's Catalogue of the Birds and Sinister Magic (Sif Muna gifted it to you on level 11 of the Dungeon)
 11888 | D:11     | Received a gift from Sif Muna
 12054 | D:11     | Found a staircase to the Lair.
 12355 | D:11     | Noticed an eight-headed hydra
 12688 | D:11     | Killed an eight-headed hydra
 12688 | D:11     | Reached XP level 12. HP: 68/68 MP: 6/27
 12936 | D:12     | Found a labyrinth entrance.
 12967 | Lab      | Identified a paperback manual
 12967 | Lab      | Entered a labyrinth
 13231 | Lab      | Noticed a minotaur
 13242 | Lab      | Killed a minotaur
 14211 | D:12     | Found Vieloqeh's Magic Scroll Shoppe.
 14239 | D:12     | Bought a scroll of magic mapping for 56 gold pieces
 14239 | D:12     | Bought a scroll of blinking for 120 gold pieces
 14239 | D:12     | Bought a scroll of amnesia for 56 gold pieces
 14239 | D:12     | Bought a scroll of identify for 32 gold pieces
 14239 | D:12     | Bought a scroll of identify for 32 gold pieces
 14239 | D:12     | Bought a scroll of identify for 32 gold pieces
 14239 | D:12     | Bought a scroll of identify for 32 gold pieces
 14876 | D:12     | Reached skill level 10 in Dodging
 15574 | Orc:1    | Entered Level 1 of the Orcish Mines
 15622 | Orc:1    | Noticed a stone giant
 15891 | Orc:1    | Noticed Erolcha
 16016 | Lair:1   | Entered Level 1 of the Lair of Beasts
 16508 | Lair:1   | Reached skill level 1 in Invocations
 16661 | Lair:1   | Noticed Prince Ribbit
 16665 | Lair:1   | Killed Prince Ribbit
 17042 | Lair:2   | Noticed an eight-headed hydra
 17048 | Lair:2   | Killed an eight-headed hydra
 17048 | Lair:2   | Reached XP level 13. HP: 50/76 MP: 6/29
 17062 | Lair:2   | Got an ichor-stained fustibalus
 17317 | Lair:2   | Learned a level 6 spell: Conjure Ball Lightning
 17383 | Lair:2   | Reached skill level 5 in Invocations
 17635 | Lair:2   | Identified the +6 fustibalus of the Whale {freeze, +Inv rF- rN+ Str+5} (You found it on level 2 of the Lair of Beasts)
 20343 | Lair:4   | Found a staircase to the Snake Pit.
 20795 | Lair:4   | Learned a level 2 spell: Swiftness
 21028 | Lair:4   | Noticed Nergalle
 21149 | Lair:4   | Killed Nergalle
 21330 | Lair:4   | Found a staircase to the Shoals.
 22843 | Lair:5   | Gained mutation: You can fly continuously. [Tengu growth]
 22843 | Lair:5   | Reached XP level 14. HP: 44/82 MP: 2/30
 23006 | Lair:5   | Learned a level 4 spell: Force Lance
 23216 | Lair:5   | Identified Sif Muna's Papyrus of Excruciating Poisoning (Sif Muna gifted it to you on level 5 of the Lair of Beasts)
 23216 | Lair:5   | Received a gift from Sif Muna
 24059 | Lair:6   | Entered Level 6 of the Lair of Beasts
 24080 | Lair:6   | Noticed an entropy weaver
 24093 | Lair:6   | Killed an entropy weaver
 24096 | Lair:6   | Noticed an entropy weaver
 26437 | Lair:6   | Identified Sif Muna's Volume of Unholy Arcane Weapons (Sif Muna gifted it to you on level 6 of the Lair of Beasts)
 26437 | Lair:6   | Received a gift from Sif Muna
 27264 | Lair:6   | Killed an entropy weaver
 28192 | Lair:6   | Noticed a dire elephant
 28201 | Lair:6   | Killed a dire elephant
 28329 | Lair:6   | Noticed a dire elephant
 28329 | Lair:6   | Noticed a dire elephant
 28330 | Lair:6   | Found the +2 hat of the Bear Spirit {Spirit, +Rage rN+ MR++}
 28337 | Lair:6   | Killed a dire elephant
 28338 | Lair:6   | Killed a dire elephant
 28618 | Lair:6   | Noticed a dire elephant
 28628 | Lair:6   | Slain by a dire elephant

Vault maps used:
D:1:      dpeg_arrival_another_circle
D:2:      nicolae_gozag_cash_rules_everything_around_me,
          nicolae_ru_path_of_blood, fedhas_altar_1, tso_altar
D:3:      yredelemnul_altar_generic, xom_redecorated,
          chequers_ecumenical_altar_island
D:4:      ashenzari_altar_1
D:5:      nicolae_overflow_hidden_temple, kennysheep_mini_moat,
          kennysheep_little_box, first_ration, uniq_eustachio
D:6:      lemuel_doored_altar, uniq_crazy_yiuf_cottage, uniq_blork_the_orc
D:7:      old_standard_altar, minmay_temple_entry_glassed_door, grunt_ogre_cave,
          uniq_joseph, uniq_duvessa
D:8:      kennysheep_mini
D:9:      slow_altar_1, nicolae_overflow_crystal_walls,
          amethyst_overflow_temple_binary, minmay_item_behind_shaft,
          uniq_maurice, uniq_psyche
D:10:     kennysheep_orc_monster_closet_entryway, serial_shops, shop_fountains,
          uniq_grum
D:11:     erik_lair_orcish_takeover
D:12:     lab_entry_generic, serial_shops, nicolae_shop_waterfront
Temple:   corrupted_temple
Lair:1:   uniq_prince_ribbit2
Lair:2:   lemuel_fruit_tree
Lair:3:   grunt_megastairs_3
Lair:4:   minmay_shoals_entry_hut, guppyfry_snake_entry_garden, uniq_nergalle
Lair:5:   beast_lair_carwin_3
Lair:6:   due_jungle_book, slime_altar_2, zaba_anthell,
          infiniplex_staircase_pool
Orc:1:    serial_shops, shop, uniq_erolcha
Lab:      labyrinth_mini_lab, labyrinth_glass_2, nicolae_lab_hexagon,
          nicolae_lab_swirl, labyrinth_lava_lair, nicolae_lab_x,
          labyrinth_skeletal_remains, nicolae_lab_quarters

Skill      XL: |  1  2  3  4  5  6  7  8  9 10 11 12 13 14 |
---------------+-------------------------------------------+-----
Air Magic      | 5 6 7 8 9 10 11 13 | 13.7
Spellcasting   | 3 4 5 8 10 11 13 | 13.3
Fighting       | 2 4 5 7 |  7.0
Dodging        | 4 7 8 11 | 11.0
Conjurations   | 9 11 12 13 | 13.6
Shields        | 4 |  4.0
Invocations    | 3 8 |  8.0
Stealth        | |  2.0

Action                   |  1- 3 |  4- 6 |  7- 9 | 10-12 | 13-15 || total
-------------------------+-------+-------+-------+-------+-------++-------
Melee: Unarmed           |     6 |       |       |       |       ||     6
       Dagger            |    52 |    22 |    47 |   116 |   177 ||   414
       Kick              |    13 |     3 |    17 |    28 |    61 ||   122
       Peck              |     8 |       |    12 |    22 |    42 ||    84
       Staff             |       |       |       |       |     3 ||     3
 Cast: Shock             |    13 |   145 |   227 |     1 |       ||   386
       Mephitic Cloud    |       |     3 |    13 |    11 |    14 ||    41
       Airstrike         |       |       |    14 |   435 |   557 ||  1006
       Blink             |       |       |     1 |     4 |    15 ||    20
       Conjure Flame     |       |       |       |     7 |    12 ||    19
       Lightning Bolt    |       |       |       |    24 |    20 ||    44
       Conjure Ball Ligh |       |       |       |       |     2 ||     2
       Force Lance       |       |       |       |       |     3 ||     3
Invok: Divine Energy     |       |       |       |     1 |       ||     1
       Channel Magic     |       |       |       |     2 |     2 ||     4
 Abil: Fly               |       |       |     5 |     3 |     3 ||    11
Evoke: Wand              |       |       |       |     7 |     1 ||     8
  Use: Scroll            |       |       |     1 |    26 |     9 ||    36
       Potion            |       |       |       |     7 |     4 ||    11
 Stab: Sleeping          |     8 |       |       |     2 |       ||    10
       Confused          |       |     2 |     6 |     3 |     4 ||    15
  Eat: Chunk             |       |    10 |    12 |    47 |    36 ||   105
       Ration            |       |       |     1 |     4 |     3 ||     8
Armor: Robe              |    11 |     5 |     5 |       |    38 ||    59
       Leather armour    |       |       |     6 |    48 |       ||    54
       Ring mail         |       |       |       |       |    21 ||    21
       Skin              |       |       |       |       |     5 ||     5
Dodge: Dodged            |    27 |    43 |    91 |   245 |   307 ||   713
Block: Other             |       |       |       |     9 |       ||     9
       Buckler           |       |       |       |    15 |    76 ||    91

Table legend:
 A = Spawn XP
 B = Non-spawn XP
 C = Spawn XP percentage of total XP
 D = Spawn monster count
 E = Non-spawn monster count
 F = Spawn count percentage of total count
 G = Total turns spent on level
                    A         B        C        D         E        F      G
               +---------+---------+-------+---------+---------+-------+---------
         Total |       0 |   83879 |   0.0 |       0 |     593 |   0.0 | 28628
               +---------+---------+-------+---------+---------+-------+---------
           D:1 |       0 |      47 |   0.0 |       0 |      22 |   0.0 |   955
           D:2 |       0 |     101 |   0.0 |       0 |      17 |   0.0 |  1073
           D:3 |       0 |     125 |   0.0 |       0 |      31 |   0.0 |  1102
           D:4 |       0 |     362 |   0.0 |       0 |      20 |   0.0 |  1443
           D:5 |       0 |     547 |   0.0 |       0 |      10 |   0.0 |   886
           D:6 |       0 |    1650 |   0.0 |       0 |      45 |   0.0 |  1713
           D:7 |       0 |    1823 |   0.0 |       0 |      22 |   0.0 |   933
           D:8 |       0 |    2597 |   0.0 |       0 |      26 |   0.0 |   763
           D:9 |       0 |    2476 |   0.0 |       0 |      32 |   0.0 |  1091
          D:10 |       0 |    4984 |   0.0 |       0 |      56 |   0.0 |  1688
          D:11 |       0 |    4366 |   0.0 |       0 |      35 |   0.0 |  1601
          D:12 |       0 |    7069 |   0.0 |       0 |      49 |   0.0 |  1885
        Lair:1 |       0 |    2535 |   0.0 |       0 |      11 |   0.0 |  1033
        Lair:2 |       0 |    4274 |   0.0 |       0 |      14 |   0.0 |  1322
        Lair:3 |       0 |    6555 |   0.0 |       0 |      24 |   0.0 |  1816
        Lair:4 |       0 |    7364 |   0.0 |       0 |      30 |   0.0 |  2730
        Lair:5 |       0 |   14024 |   0.0 |       0 |      49 |   0.0 |  2591
        Lair:6 |       0 |   20210 |   0.0 |       0 |      72 |   0.0 |  3051
         Orc:1 |       0 |    1586 |   0.0 |       0 |      27 |   0.0 |   373
           Lab |       0 |    1184 |   0.0 |       0 |       1 |   0.0 |   524
               +---------+---------+-------+---------+---------+-------+---------
